 Dungeon Crawl Stone Soup version 0.30-a0-170-g85af917532 (webtiles) character file.

Game seed: 9062016149991956289

55816 qw the Severer (level 14, -5/92 HPs)
             Began as a Gargoyle Fighter on Sept 30, 2022.
             Was an Elder of Okawaru.
             Slain by an ettin
             ... wielding a +1 dire flail of protection
              (19 damage)
             ... on level 13 of the Dungeon.
             The game lasted 00:07:32 (21552 turns).

qw the Severer (Gargoyle Fighter)                  Turns: 21552, Time: 00:07:32

Health: -5/92      AC: 37    Str: 31    XL:     14   Next: 79%
Magic:  21/21      EV: 10    Int:  9    God:    Okawaru [****..]
Gold:   1857       SH:  6    Dex:  9    Spells: 13/13 levels left

rFire   . . .      SeeInvis +    t - +2 broad axe "Murmur" {freeze, rC++ Will+}
rCold   + + .      Faith    .    c - +0 buckler
rNeg    + . .      Spirit   .    q - +0 plate armour
rPois   inf        Reflect  .    k - +2 helmet {SInv}
rElec   +          Harm     .    (no cloak)
rCorr   .          Rampage  .    a - +2 pair of gloves
Will    +++..                    e - +1 pair of boots
Stlth   ..........               (no amulet)
HPRegen 0.25/turn                p - +6 ring of strength
MPRegen 0.17/turn                u - ring of willpower

@: about to teleport, heroic, flying
A: sickness immunity, AC +10, big wings, negative energy resistance 1,
electricity resistance, torment resistance 1, petrification resistance
a: Renounce Religion, Heroism, Finesse


You were on level 13 of the Dungeon.
You worshipped Okawaru.
Okawaru was greatly pleased with you.
You visited 2 branches of the dungeon, and saw 18 of its levels.

You collected 2107 gold pieces.
You spent 250 gold pieces at shops.


Innate Abilities, Weirdness & Mutations

You are immune to sickness and miasma.
Your stone body is resilient. (AC +10)
You are immune to poison.
Your large and strong wings let you fly.
You resist negative energy. (rN+)
You are resistant to electric shocks. (rElec)
You are resistant to unholy torment.
You are immune to petrification.


   Skills:
 - Level 12.0(17.0) Fighting
 + Level 15.7(20.7) Axes
 - Level 5.0(10.0) Throwing
 - Level 11.0(16.0) Armour
 - Level 3.6(8.6) Dodging
 - Level 7.3(12.3) Shields
 - Level 10.0 Invocations


You had 13 spell levels left.
You didn't know any spells.
Your spell library was empty.

Inventory:

Hand Weapons
 j - the +5 mace of Jinoaceb {flame, Str+3 Int+5 Dex+4}
   (You found it on level 8 of the Dungeon)

   It burns those it strikes, dealing additional fire damage.
   Str:       It affects your strength (+3).
   Int:       It affects your intelligence (+5).
   Dex:       It affects your dexterity (+4).
 t - the +2 broad axe "Murmur" (weapon) {freeze, rC++ Will+}
   (You found it on level 8 of the Dungeon)

   It freezes those it strikes, dealing additional cold damage.
   It can also slow down cold-blooded creatures.
   rC:        It greatly protects you from cold.
   Will:      It increases your willpower.
Missiles
 n - 4 boomerangs
 x - 2 javelins (quivered)
Armour
 a - a +2 pair of gloves (worn)
 c - a +0 buckler (worn)
 e - a +1 pair of boots (worn)
 k - a +2 helmet of see invisible (worn)
 l - +0 acid dragon scales
 q - a +0 plate armour (worn)
 s - a +0 chain mail of fire resistance
Jewellery
 p - a +6 ring of strength (left hand)
 u - a ring of willpower (right hand)
 v - a ring of fire
Scrolls
 h - 8 scrolls of identify
 m - a scroll of enchant weapon
 w - a scroll of brand weapon
 y - a scroll of teleportation
Potions
 b - 5 potions of lignification
 d - 4 potions of might
 f - 12 potions of curing
 g - 6 potions of mutation
 i - 6 potions of attraction
 o - a potion of cancellation
 r - 2 potions of haste
 z - 2 potions of magic
 A - a potion of resistance

Dungeon Overview and Level Annotations

Branches:
Dungeon (13/15)            Temple (0/1) D:4            Lair (5/5) D:11
  Swamp (0/4) Lair:2       Spider (0/4) Lair:3        Slime (0/5) Lair:5
    Orc (0/2) D:10
 Vaults: D:13-14

Altars:
Ashenzari
Cheibriados
Gozag
Okawaru
Trog
Vehumet
Yredelemnul
Jiyva

Shops:
D:2 (   D:6 =

Annotations:
D:11 2 transporters, Dusieq's ghost, journeyman DsCj
Lair:3 3 runed translucent doors, qw's ghost, journeyman GrFi


Message History

The centaur warrior hits you but does no damage.
The centaur warrior kicks you but does no damage.
The howler monkey hoots and howls with incredible vigour!
An ettin comes into view.
It is wielding a +1 dire flail of protection and a +0 dire flail.
You hear a shout!
You hear two shouts!
You barely miss the centaur warrior.
The basilisk hisses angrily.
You hear a shout!
A centaur comes into view.
The centaur warrior hits you but does no damage.
The centaur warrior kicks you but does no damage.
You closely miss the centaur warrior.
You hit the centaur warrior but do no damage.
A centaur comes into view.
The centaur warrior hits you but does no damage.
The centaur warrior kicks you.
You slash the centaur warrior! You freeze the centaur warrior.
The centaur warrior is moderately wounded.
The centaur warrior hits you but does no damage.
The centaur warrior kicks you but does no damage.
You slice the centaur warrior!! You freeze the centaur warrior!
You kill the centaur warrior!
Okawaru accepts your kill.
21548 ||| Stepping ~*~*~tactically~*~*~ (hiding).
A wizard comes into view. It is wielding a +0 dagger.
21549 ||| Stepping ~*~*~tactically~*~*~ (hiding).
The ettin attacks as you move away!
The ettin hits you with a +1 dire flail of protection.
The ettin hits you with a +0 dire flail.
You slice the ettin!! You freeze the ettin.
The ettin is moderately wounded.
The ettin hits you with a +1 dire flail of protection!!
The ettin hits you but does no damage.
21551 ||| READING 2 scrolls of teleportation.
As you read the scroll of teleportation, it crumbles to dust.
You feel strangely unstable. The ettin hits you but does no damage.
You block the ettin's attack.
You slice the ettin!! You freeze the ettin.
The ettin is almost dead.
The ettin hits you with a +1 dire flail of protection!!
You die...

......##.....#...#.....##....#.##
#....####....#...#....####......#
...[## ##...#...#...## ##.....#
...## ##..#...#..## ##../.# ...##
##.#...# ##....# ....## ###...##
#...... .....## #....## #.......
......## ##....#+ #........
.......# ##@...## .........
........ ##C)..## .........
.####### #W)...########... .#
#...l.##.........##... .+ ##.ccc
##.........+... .# ##..c
##.......# .# +#.p ######### ..
##. .. ##


You could see an ettin and a phantasmal warrior.

Vanquished Creatures
  Rupert (Lair:4)
  Gastronok (D:8)
  Harold (D:9)
  5 hydras
  Erolcha (D:9)
  2 centaur warriors (D:13)
  3 boulder beetles
  4 catoblepae
  4 death yaks (Lair:5)
  4 two-headed ogres
  A deep troll (Lair:3)
  An orc knight (D:13)
  2 cyclopes
  3 manticores
  An ugly thing (D:11)
  7 elephants
  3 black mambas
  7 cane toads
  3 unseen horrors
  3 rime drakes
  10 komodo dragons
  4 kobold demonologists
  3 tengu conjurers (D:12)
  2 trolls
  2 polar bears
  Grinder (D:5)
  27 blink frogs
  6 slime creatures (D:12)
  5 dream sheep (Lair:4)
  2 jumping spiders (Lair:3)
  Sigmund (D:5)
  A shadow (D:12)
  46 yaks
  A wraith (D:12)
  3 culicivoras (Lair:3)
  A basilisk (Lair:1)
  Grum (D:9)
  2 steam dragons
  7 vampire mosquitoes
  Edmund (D:5)
  A warg (D:10)
  4 acid dragons
  12 water moccasins
  A swamp drake (Lair:2)
  3 orc warriors
  2 ice beasts (D:7)
  15 wolves
  8 centaurs
  2 phantoms
  4 kobold brigands
  11 bullfrogs
  2 necrophages
  4 scorpions
  A gnoll sergeant (D:10)
  4 wights (D:9)
  9 killer bees
  5 howler monkeys
  2 hounds
  8 orc priests
  A gnoll bouda (D:4)
  A jelly (D:7)
  4 iguanas
  11 orc wizards
  12 gnolls
  9 adders
  3 white imps
  3 ufetubi
  3 worms
  5 dart slugs
  53 orcs
  5 ball pythons
  9 bats
  3 endoplasms
  A giant cockroach (D:3)
  12 goblins
  7 hobgoblins
  2 jackals (D:4)
  3 quokkas
  2 frilled lizards
  16 kobolds
  4 rats
450 creatures vanquished.

Vanquished Creatures (others)
  A deep elf knight (D:13)
  An orc (D:6)
  A quokka (D:4)
  16 fungi
  33 plants
52 creatures vanquished.

Grand Total: 502 creatures vanquished

Notes
Turn   | Place    | Note
-------+----------+-------------------------------------------
     0 | D:1      | qw the Gargoyle Fighter began the quest for the Orb.
     0 | D:1      | Reached XP level 1. HP: 14/14 MP: 1/1
     0 | D:1      | 0 ||| qw: Version: 0.2-a-12-gaebbb33
     0 | D:1      | 0 ||| qw: Game counter: 1472
     0 | D:1      | 0 ||| qw: Always use a shield: true
     0 | D:1      | 0 ||| qw: God list: Okawaru
     0 | D:1      | 0 ||| qw: Allow faded altars: false
     0 | D:1      | 0 ||| qw: Do Orc after D:15 true
     0 | D:1      | 0 ||| qw: Do second Lair branch before Depths: true
     0 | D:1      | 0 ||| qw: Lair rune preference: random
     0 | D:1      | 0 ||| qw: Plans: Normal, Zot:1-4, God:TSO, Crypt, Tomb,
                  | Pan, Slime:5, Hells, Abyss, Orb
     0 | D:1      | 0 ||| PLANNING D:1-11
    35 | D:1      | Reached skill level 2 in Axes
   224 | D:1      | 224 ||| Stepping ~*~*~tactically~*~*~ (hiding).
   233 | D:1      | Reached XP level 2. HP: 19/19 MP: 2/2
   348 | D:1      | 348 ||| READING scroll labelled ICLIME KUUT.
   350 | D:1      | 350 ||| Stepping randomly (stuck).
   351 | D:1      | 351 ||| Stepping randomly (stuck).
   544 | D:1      | 544 ||| DROPPING +0 club.
   634 | D:1      | 634 ||| UPGRADING to +0 pair of gloves.
   992 | D:1      | 992 ||| READING scroll labelled YLIUBO VAJUNO.
   993 | D:1      | 993 ||| READING scroll labelled GAUCOIGIRI.
   994 | D:1      | 994 ||| READING scroll labelled ROH UGIVIE.
   995 | D:1      | 995 ||| READING scroll labelled ARUXOO JIEDU.
  1103 | D:2      | 1103 ||| Stepping ~*~*~tactically~*~*~ (stealth).
  1105 | D:2      | 1105 ||| Stepping ~*~*~tactically~*~*~ (stealth).
  1136 | D:2      | Reached skill level 3 in Axes
  1145 | D:2      | Found Zybanist's Weapon Shoppe.
  1152 | D:2      | 1152 ||| Stepping ~*~*~tactically~*~*~ (hiding).
  1161 | D:2      | Reached XP level 3. HP: 19/23 MP: 3/3
  1294 | D:2      | 1294 ||| Stepping ~*~*~tactically~*~*~ (stealth).
  1316 | D:2      | Found a faded altar of an unknown god.
  1581 | D:2      | 1581 ||| Stepping ~*~*~tactically~*~*~ (hiding).
  1893 | D:2      | 1893 ||| DROPPING ring of flight.
  1894 | D:2      | 1894 ||| READING scroll labelled GABIRR DINERR.
  1895 | D:2      | 1895 ||| READING scroll labelled TUECHA LAOL.
  1896 | D:2      | 1896 ||| DRINKING 2 orange potions.
  1897 | D:2      | 1897 ||| DRINKING 2 bubbling golden potions.
  1898 | D:2      | 1898 ||| DROPPING potion of flight.
  1943 | D:3      | 1943 ||| Stepping ~*~*~tactically~*~*~ (stealth).
  2059 | D:3      | Reached XP level 4. HP: 26/28 MP: 4/4
  2087 | D:3      | 2087 ||| Stepping ~*~*~tactically~*~*~ (stealth).
  2168 | D:3      | Reached skill level 4 in Axes
  2244 | D:3      | 2244 ||| DROPPING +0 mace.
  2514 | D:3      | 2514 ||| Stepping ~*~*~tactically~*~*~ (hiding).
  2746 | D:3      | Found a broken altar of Ashenzari.
  2747 | D:3      | Found a basalt altar of Yredelemnul.
  2748 | D:3      | Found a radiant altar of Vehumet.
  2749 | D:3      | Found an iron altar of Okawaru.
  2750 | D:3      | 2750 ||| PLANNING OKAWARU WORSHIP
  2750 | D:3      | 2750 ||| READING 4 scrolls of identify.
  2750 | D:3      | 2750 ||| IDENTIFYING bubbling orange potion
  2751 | D:3      | 2751 ||| READING 3 scrolls of identify.
  2751 | D:3      | 2751 ||| IDENTIFYING red potion
  2752 | D:3      | 2752 ||| READING 2 scrolls of identify.
  2752 | D:3      | 2752 ||| IDENTIFYING coppery potion
  2753 | D:3      | 2753 ||| DROPPING potion of degeneration.
  2760 | D:3      | Became a worshipper of Warmaster Okawaru
  2761 | D:3      | 2761 ||| PLANNING D:1-11
  2952 | D:3      | 2952 ||| READING scroll labelled MUMNUTWEMU.
  3031 | D:4      | 3031 ||| Stepping ~*~*~tactically~*~*~ (stealth).
  3033 | D:4      | 3033 ||| Stepping ~*~*~tactically~*~*~ (hiding).
  3058 | D:4      | HP: 5/28 [gnoll/+0 spear[a gnoll bouda] (4)]
  3059 | D:4      | 3059 ||| DRINKING potion of heal wounds.
  3062 | D:4      | Reached XP level 5. HP: 27/32 MP: 5/5
  3150 | D:4      | Reached skill level 5 in Axes
  3559 | D:4      | Found a staircase to the Ecumenical Temple.
  3765 | D:4      | 3765 ||| Stepping ~*~*~tactically~*~*~ (stealth).
  3775 | D:4      | 3775 ||| Stepping ~*~*~tactically~*~*~ (stealth).
  3824 | D:4      | 3824 ||| Stepping ~*~*~tactically~*~*~ (stealth).
  3825 | D:4      | 3825 ||| Stepping ~*~*~tactically~*~*~ (stealth).
  3841 | D:4      | 3841 ||| Stepping ~*~*~tactically~*~*~ (stealth).
  3850 | D:4      | 3850 ||| Stepping ~*~*~tactically~*~*~ (stealth).
  3989 | D:4      | Reached XP level 6. HP: 35/38 MP: 6/6
  4227 | D:4      | 4227 ||| UPGRADING to +0 chain mail.
  4237 | D:4      | 4237 ||| DROPPING +0 scale mail.
  4238 | D:4      | 4238 ||| READING scroll labelled GADUMA MUUR.
  4246 | D:5      | Entered Level 5 of the Dungeon
  4306 | D:5      | 4306 ||| Stepping ~*~*~tactically~*~*~ (hiding).
  4316 | D:5      | Reached * piety under Okawaru
  4322 | D:5      | 4322 ||| INVOKING Heroism.
  4491 | D:5      | Reached skill level 6 in Axes
  4621 | D:5      | 4621 ||| Stepping ~*~*~tactically~*~*~ (stealth).
  4624 | D:5      | 4624 ||| Stepping ~*~*~tactically~*~*~ (stealth).
  4657 | D:5      | 4657 ||| INVOKING Heroism.
  4660 | D:5      | Reached skill level 1 in Invocations
  4667 | D:5      | Reached skill level 1 in Dodging
  4667 | D:5      | Reached XP level 7. HP: 36/43 MP: 5/8
  5013 | D:5      | Noticed Sigmund
  5014 | D:5      | 5014 ||| Stepping ~*~*~tactically~*~*~ (hiding).
  5020 | D:5      | 5020 ||| INVOKING Heroism.
  5025 | D:5      | Killed Sigmund
  5026 | D:5      | Reached skill level 3 in Invocations
  5113 | D:5      | Found a snail-covered altar of Cheibriados.
  5238 | D:5      | 5238 ||| Stepping ~*~*~tactically~*~*~ (stealth).
  5244 | D:5      | Reached XP level 8. HP: 48/48 MP: 9/11
  5275 | D:5      | Noticed Grinder
  5276 | D:5      | 5276 ||| INVOKING Heroism.
  5280 | D:5      | Paralysed by Grinder for 5 turns
  5290 | D:5      | Killed Grinder
  5291 | D:5      | Reached skill level 7 in Axes
  5531 | D:5      | Noticed Edmund
  5532 | D:5      | 5532 ||| INVOKING Heroism.
  5554 | D:5      | Killed Edmund
  5554 | D:5      | Reached ** piety under Okawaru
  5877 | D:5      | 5877 ||| UPGRADING to +0 pair of boots.
  5882 | D:5      | 5882 ||| UPGRADING to +2 helmet of see invisible.
  5887 | D:5      | 5887 ||| READING scroll labelled HERUSEXT TEZORGH.
  5897 | D:6      | Found Pellilur's Jewellery Shop.
  5898 | D:6      | 5898 ||| PLANNING OSSUARY
  5903 | D:6      | 5903 ||| SHOPLISTING amulet of reflection (300 gold, have
                  | 291).
  5903 | D:6      | 5903 ||| SHOPLISTING amulet of regeneration (300 gold, have
                  | 291).
  5903 | D:6      | 5903 ||| SHOPLISTING amulet of the acrobat (300 gold, have
                  | 291).
  5903 | D:6      | 5903 ||| BUYING ring of fire (250 gold).
  5903 | D:6      | Bought a ring of fire for 250 gold pieces
  5903 | D:6      | 5903 ||| SHOPLISTING ring of fire (250 gold, have 41).
  5903 | D:6      | 5903 ||| SHOPLISTING ring of ice (250 gold, have 41).
  5928 | D:6      | Reached skill level 1 in Throwing
  5957 | D:6      | 5957 ||| Stepping ~*~*~tactically~*~*~ (stealth).
  5960 | D:6      | 5960 ||| Stepping ~*~*~tactically~*~*~ (stealth).
  5962 | D:6      | 5962 ||| Stepping ~*~*~tactically~*~*~ (hiding).
  5964 | D:6      | 5964 ||| Stepping ~*~*~tactically~*~*~ (hiding).
  5968 | D:6      | 5968 ||| Stepping ~*~*~tactically~*~*~ (hiding).
  6362 | D:6      | 6362 ||| INVOKING Heroism.
  6376 | D:6      | Reached skill level 8 in Axes
  6556 | D:6      | 6556 ||| RIP OSSUARY
  6563 | D:6      | 6563 ||| PLANNING D:1-11
  6773 | D:6      | 6773 ||| INVOKING Heroism.
  6791 | D:6      | Reached XP level 9. HP: 49/55 MP: 10/12
  6791 | D:6      | 6791 ||| Stepping ~*~*~tactically~*~*~ (cloud).
  6959 | D:6      | 6959 ||| UPGRADING to +0 plate armour.
  6969 | D:6      | 6969 ||| DROPPING +0 chain mail.
  6970 | D:6      | 6970 ||| UPGRADING to +6 ring of strength.
  6971 | D:6      | 6971 ||| READING scroll labelled YBIOVOS BIOCK.
  6972 | D:6      | 6972 ||| READING 2 scrolls of identify.
  6972 | D:6      | 6972 ||| IDENTIFYING pink potion
  7072 | D:7      | 7072 ||| Stepping ~*~*~tactically~*~*~ (hiding).
  7118 | D:7      | 7118 ||| INVOKING Heroism.
  7122 | D:7      | Reached skill level 6 in Fighting
  7150 | D:7      | 7150 ||| Stepping ~*~*~tactically~*~*~ (stealth).
  7151 | D:7      | 7151 ||| Stepping ~*~*~tactically~*~*~ (stealth).
  7153 | D:7      | 7153 ||| Stepping ~*~*~tactically~*~*~ (hiding).
  7262 | D:7      | Found a flagged portal.
  7549 | D:7      | 7549 ||| DROPPING +1 helmet.
  7550 | D:7      | 7550 ||| READING scroll labelled ZUL DUASCHI JUGE.
  7571 | D:8      | Identified the +5 mace of Jinoaceb {flame, Str+3 Int+5
                  | Dex+4}
  7616 | D:8      | 7616 ||| DROPPING +0 flail.
  7636 | D:8      | 7636 ||| Stepping ~*~*~tactically~*~*~ (stealth).
  7638 | D:8      | 7638 ||| Stepping ~*~*~tactically~*~*~ (hiding).
  7639 | D:8      | 7639 ||| STAIRDANCE
  7744 | D:8      | 7744 ||| STAIRDANCE
  8037 | D:8      | Noticed Gastronok
  8038 | D:8      | 8038 ||| Stepping ~*~*~tactically~*~*~ (hiding).
  8039 | D:8      | 8039 ||| Stepping ~*~*~tactically~*~*~ (hiding).
  8049 | D:8      | 8049 ||| INVOKING Heroism.
  8064 | D:8      | Killed Gastronok
  8064 | D:8      | Reached *** piety under Okawaru
  8065 | D:8      | Reached skill level 10 in Axes
  8297 | D:8      | Identified the +2 broad axe "Murmur" {freeze, rC++ Will+}
  8299 | D:8      | 8299 ||| SWAPPING to +2 broad axe "Murmur" {freeze, rC++
                  | Will+}.
  8300 | D:8      | 8300 ||| DROPPING +1 war axe.
  8334 | D:8      | 8334 ||| INVOKING Heroism.
  8335 | D:8      | 8335 ||| Stepping ~*~*~tactically~*~*~ (stealth).
  8336 | D:8      | 8336 ||| Stepping ~*~*~tactically~*~*~ (stealth).
  8339 | D:8      | 8339 ||| Stepping ~*~*~tactically~*~*~ (stealth).
  8341 | D:8      | 8341 ||| Stepping ~*~*~tactically~*~*~ (stealth).
  8347 | D:8      | Reached XP level 10. HP: 56/60 MP: 11/13
  8347 | D:8      | 8347 ||| Stepping ~*~*~tactically~*~*~ (stealth).
  8435 | D:8      | 8435 ||| Stepping ~*~*~tactically~*~*~ (hiding).
  8689 | D:8      | 8689 ||| UPGRADING to ring of fire.
  8690 | D:8      | 8690 ||| UPGRADING to ring of willpower.
  8692 | D:8      | 8692 ||| DRINKING 2 smoky white potions.
  8693 | D:8      | 8693 ||| READING 2 scrolls of identify.
  8693 | D:8      | 8693 ||| IDENTIFYING puce potion
  8722 | D:9      | Noticed Grum
  8723 | D:9      | 8723 ||| INVOKING Heroism.
  8724 | D:9      | 8724 ||| STAIRDANCE
  8755 | D:9      | 8755 ||| STAIRDANCE
  8761 | D:8      | Reached skill level 6 in Armour
  8761 | D:8      | 8761 ||| INVOKING Heroism.
  8854 | D:9      | 8854 ||| STAIRDANCE
  8862 | D:9      | 8862 ||| INVOKING Heroism.
  8864 | D:9      | Noticed Erolcha
  8868 | D:9      | Killed Grum
  8877 | D:9      | Killed Erolcha
  8877 | D:9      | Reached **** piety under Okawaru
  9002 | D:9      | 9002 ||| Stepping ~*~*~tactically~*~*~ (stealth).
  9100 | D:9      | 9100 ||| Stepping ~*~*~tactically~*~*~ (stealth).
  9108 | D:9      | 9108 ||| INVOKING Heroism.
  9251 | D:9      | Identified the +7 war axe of the Arcadian God {venom,
                  | +Blink}
  9253 | D:9      | 9253 ||| DROPPING +7 war axe of the Arcadian God {venom,
                  | +Blink}.
  9262 | D:9      | 9262 ||| Stepping ~*~*~tactically~*~*~ (stealth).
  9280 | D:9      | 9280 ||| READING scroll of enchant armour.
  9280 | D:9      | 9280 ||| ENCHANTING +0 pair of gloves.
  9372 | D:9      | Noticed Harold
  9373 | D:9      | 9373 ||| INVOKING Heroism.
  9386 | D:9      | Killed Harold
  9604 | D:9      | 9604 ||| Stepping ~*~*~tactically~*~*~ (stealth).
  9605 | D:9      | 9605 ||| Stepping ~*~*~tactically~*~*~ (stealth).
  9610 | D:9      | 9610 ||| INVOKING Heroism.
  9619 | D:9      | Reached skill level 6 in Invocations
  9775 | D:10     | Entered Level 10 of the Dungeon
  9776 | D:10     | 9776 ||| INVOKING Heroism.
  9780 | D:10     | Noticed an unseen horror
  9788 | D:10     | 9788 ||| STAIRDANCE
  9885 | D:10     | 9885 ||| INVOKING Heroism.
  9890 | D:10     | Reached skill level 3 in Throwing
  9909 | D:10     | 9909 ||| FLEEEEING.
  9910 | D:10     | 9910 ||| FLEEEEING.
  9911 | D:10     | 9911 ||| INVOKING Heroism.
  9912 | D:10     | 9912 ||| FLEEEEING.
  9913 | D:10     | 9913 ||| STAIRDANCE
  9922 | D:9      | Killed an unseen horror
  9923 | D:9      | Reached XP level 11. HP: 30/68 MP: 13/16
 10152 | D:10     | 10152 ||| Stepping ~*~*~tactically~*~*~ (stealth).
 10154 | D:10     | 10154 ||| Stepping ~*~*~tactically~*~*~ (hiding).
 10155 | D:10     | 10155 ||| Stepping ~*~*~tactically~*~*~ (hiding).
 10157 | D:10     | 10157 ||| INVOKING Heroism.
 10246 | D:10     | 10246 ||| Stepping ~*~*~tactically~*~*~ (stealth).
 10250 | D:10     | 10250 ||| Stepping ~*~*~tactically~*~*~ (hiding).
 10265 | D:10     | 10265 ||| FLEEEEING.
 10266 | D:10     | 10266 ||| FLEEEEING.
 10267 | D:10     | 10267 ||| FLEEEEING.
 10268 | D:10     | 10268 ||| FLEEEEING.
 10269 | D:10     | 10269 ||| FLEEEEING.
 10270 | D:10     | 10270 ||| FLEEEEING.
 10271 | D:10     | 10271 ||| FLEEEEING.
 10272 | D:10     | 10272 ||| FLEEEEING.
 10273 | D:10     | 10273 ||| FLEEEEING.
 10274 | D:10     | 10274 ||| STAIRDANCE
 10314 | D:10     | 10314 ||| STAIRDANCE
 10338 | D:10     | 10338 ||| INVOKING Heroism.
 10356 | D:10     | Found a staircase to the Orcish Mines.
 10434 | D:10     | 10434 ||| Stepping ~*~*~tactically~*~*~ (stealth).
 10475 | D:10     | 10475 ||| Stepping ~*~*~tactically~*~*~ (stealth).
 10479 | D:10     | 10479 ||| INVOKING Heroism.
 10547 | D:10     | 10547 ||| INVOKING Heroism.
 10560 | D:10     | Reached ***** piety under Okawaru
 10834 | D:10     | 10834 ||| READING scroll labelled DEOCYDGHUNNU.
 10834 | D:10     | Identified a scroll of acquirement
 10834 | D:10     | 10834 ||| ACQUIRING 808 gold pieces
 10834 | D:10     | Acquired 808 gold pieces
 10836 | D:10     | 10836 ||| READING scroll labelled JEUXO XOSTA.
 10866 | D:11     | 10866 ||| Stepping ~*~*~tactically~*~*~ (stealth).
 10868 | D:11     | 10868 ||| Stepping ~*~*~tactically~*~*~ (hiding).
 10878 | D:11     | 10878 ||| INVOKING Heroism.
 10879 | D:11     | Noticed a boulder beetle
 10898 | D:11     | Killed a boulder beetle
 10899 | D:11     | Reached skill level 11 in Axes
 11072 | D:11     | 11072 ||| Stepping ~*~*~tactically~*~*~ (stealth).
 11074 | D:11     | 11074 ||| Stepping ~*~*~tactically~*~*~ (stealth).
 11082 | D:11     | 11082 ||| Stepping ~*~*~tactically~*~*~ (stealth).
 11109 | D:11     | 11109 ||| Stepping ~*~*~tactically~*~*~ (stealth).
 11146 | D:11     | 11146 ||| INVOKING Heroism.
 11147 | D:11     | Noticed a brown ugly thing
 11159 | D:11     | Killed a brown ugly thing
 11160 | D:11     | Reached skill level 9 in Invocations
 11286 | D:11     | Found a transporter.
 11288 | D:11     | Found a transporter.
 11289 | D:11     | Noticed a two-headed ogre
 11291 | D:11     | Noticed a moth of wrath
 11293 | D:11     | Noticed a two-headed ogre
 11303 | D:11     | Noticed a cyclops
 11304 | D:11     | 11304 ||| FLEEEEING.
 11305 | D:11     | 11305 ||| FLEEEEING.
 11308 | D:11     | Found a bloodstained altar of Trog.
 11308 | D:11     | Noticed a tengu warrior
 11311 | D:11     | Noticed Dusieq's ghost (journeyman DsCj)
 11320 | D:11     | 11320 ||| FLEEEEING.
 11324 | D:11     | 11324 ||| INVOKING Heroism.
 11327 | D:11     | Killed a cyclops
 11582 | D:11     | Found a staircase to the Lair.
 11584 | D:11     | 11584 ||| INVOKING Heroism.
 11678 | D:11     | Noticed a two-headed ogre
 11679 | D:11     | 11679 ||| INVOKING Heroism.
 11684 | D:11     | Killed a two-headed ogre
 11711 | D:11     | 11711 ||| INVOKING Heroism.
 11928 | D:11     | 11928 ||| PLANNING LAIR
 11928 | D:11     | 11928 ||| READING scroll labelled XOUS AGUOHU.
 11999 | Lair:1   | Entered Level 1 of the Lair of Beasts
 12042 | Lair:1   | 12042 ||| Stepping ~*~*~tactically~*~*~ (stealth).
 12043 | Lair:1   | 12043 ||| Stepping ~*~*~tactically~*~*~ (stealth).
 12049 | Lair:1   | 12049 ||| Stepping ~*~*~tactically~*~*~ (stealth).
 12051 | Lair:1   | 12051 ||| Stepping ~*~*~tactically~*~*~ (stealth).
 12052 | Lair:1   | 12052 ||| Stepping ~*~*~tactically~*~*~ (stealth).
 12053 | Lair:1   | 12053 ||| INVOKING Heroism.
 12055 | Lair:1   | Reached skill level 9 in Fighting
 12062 | Lair:1   | Received a gift from Okawaru
 12267 | Lair:1   | 12267 ||| INVOKING Heroism.
 12277 | Lair:1   | Reached XP level 12. HP: 62/76 MP: 17/19
 12375 | Lair:1   | 12375 ||| INVOKING Heroism.
 12457 | Lair:1   | 12457 ||| Stepping ~*~*~tactically~*~*~ (stealth).
 12459 | Lair:1   | 12459 ||| INVOKING Heroism.
 12714 | Lair:1   | Found an opulent altar of Gozag.
 12715 | Lair:1   | 12715 ||| INVOKING Heroism.
 12726 | Lair:1   | HP: 15/76 [centaur/arrow (6)]
 12727 | Lair:1   | 12727 ||| READING 2 scrolls of teleportation.
 12728 | Lair:1   | 12728 ||| DRINKING potion of heal wounds.
 12985 | Lair:1   | 12985 ||| INVOKING Heroism.
 12991 | Lair:1   | Reached skill level 12 in Axes
 13074 | Lair:1   | 13074 ||| Stepping ~*~*~tactically~*~*~ (hiding).
 13075 | Lair:1   | 13075 ||| Stepping ~*~*~tactically~*~*~ (hiding).
 13100 | Lair:1   | 13100 ||| INVOKING Heroism.
 13153 | Lair:1   | 13153 ||| INVOKING Heroism.
 13167 | Lair:1   | 13167 ||| INVOKING Heroism.
 13186 | Lair:1   | HP: 18/76 [centaur/arrow (6)]
 13187 | Lair:1   | 13187 ||| READING scroll of teleportation.
 13521 | Lair:1   | 13521 ||| Stepping ~*~*~tactically~*~*~ (hiding).
 13661 | Lair:1   | 13661 ||| Stepping ~*~*~tactically~*~*~ (stealth).
 13663 | Lair:1   | 13663 ||| INVOKING Heroism.
 13667 | Lair:1   | Reached skill level 6 in Shields
 13781 | Lair:1   | 13781 ||| READING 6 scrolls of identify.
 13781 | Lair:1   | 13781 ||| IDENTIFYING bubbling amethyst potion
 13782 | Lair:1   | 13782 ||| DROPPING potion of ambrosia.
 13834 | Lair:2   | Noticed a boulder beetle
 13835 | Lair:2   | 13835 ||| INVOKING Heroism.
 13836 | Lair:2   | 13836 ||| INVOKING Finesse.
 13837 | Lair:2   | 13837 ||| STAIRDANCE
 13884 | Lair:2   | 13884 ||| INVOKING Heroism.
 13885 | Lair:2   | 13885 ||| INVOKING Finesse.
 13893 | Lair:2   | Killed a boulder beetle
 14111 | Lair:2   | 14111 ||| INVOKING Heroism.
 14114 | Lair:2   | Reached skill level 9 in Armour
 14131 | Lair:2   | Received a gift from Okawaru
 14146 | Lair:2   | 14146 ||| DROPPING +2 broad axe of freezing.
 14170 | Lair:2   | Found a staircase to the Swamp.
 14224 | Lair:2   | 14224 ||| INVOKING Heroism.
 14258 | Lair:2   | 14258 ||| Stepping ~*~*~tactically~*~*~ (stealth).
 14259 | Lair:2   | 14259 ||| Stepping ~*~*~tactically~*~*~ (stealth).
 14722 | Lair:2   | 14722 ||| READING 9 scrolls of identify.
 14722 | Lair:2   | 14722 ||| IDENTIFYING inky potion
 14723 | Lair:2   | 14723 ||| DROPPING potion of invisibility.
 14747 | Lair:3   | 14747 ||| INVOKING Heroism.
 14769 | Lair:3   | 14769 ||| READING scroll of enchant armour.
 14769 | Lair:3   | 14769 ||| ENCHANTING +1 pair of gloves.
 14798 | Lair:3   | Found a runed translucent gate.
 14799 | Lair:3   | Found a runed translucent gate.
 14800 | Lair:3   | Found a runed translucent gate.
 14801 | Lair:3   | Noticed qw's ghost (journeyman GrFi)
 14804 | Lair:3   | Noticed a boulder beetle
 14805 | Lair:3   | 14805 ||| INVOKING Heroism.
 14806 | Lair:3   | 14806 ||| INVOKING Finesse.
 14822 | Lair:3   | Killed a boulder beetle
 14916 | Lair:3   | Found a viscous altar of Jiyva.
 14917 | Lair:3   | Noticed a great orb of eyes
 14963 | Lair:3   | Found a hole to the Spider Nest.
 14987 | Lair:3   | 14987 ||| INVOKING Heroism.
 15203 | Lair:3   | Noticed a four-headed hydra
 15204 | Lair:3   | 15204 ||| INVOKING Heroism.
 15205 | Lair:3   | 15205 ||| SWAPPING to +5 mace of Jinoaceb {flame, Str+3
                  | Int+5 Dex+4}.
 15215 | Lair:3   | Killed a four-headed hydra
 15216 | Lair:3   | 15216 ||| SWAPPING to +2 broad axe "Murmur" {freeze, rC++
                  | Will+}.
 15293 | Lair:3   | 15293 ||| INVOKING Heroism.
 15304 | Lair:3   | Reached skill level 13 in Axes
 15333 | Lair:3   | Reached XP level 13. HP: 70/82 MP: 20/20
 15517 | Lair:3   | 15517 ||| Stepping ~*~*~tactically~*~*~ (stealth).
 15523 | Lair:3   | 15523 ||| INVOKING Heroism.
 15720 | Lair:3   | 15720 ||| INVOKING Heroism.
 15774 | Lair:3   | 15774 ||| INVOKING Heroism.
 16000 | Lair:3   | 16000 ||| READING 8 scrolls of identify.
 16000 | Lair:3   | 16000 ||| IDENTIFYING bubbling blue potion
 16011 | Lair:4   | 16011 ||| INVOKING Heroism.
 16134 | Lair:4   | 16134 ||| INVOKING Heroism.
 16135 | Lair:4   | 16135 ||| INVOKING Finesse.
 16140 | Lair:4   | 16140 ||| SWAPPING to +5 mace of Jinoaceb {flame, Str+3
                  | Int+5 Dex+4}.
 16144 | Lair:4   | Reached skill level 3 in Dodging
 16144 | Lair:4   | 16144 ||| SWAPPING to +2 broad axe "Murmur" {freeze, rC++
                  | Will+}.
 16194 | Lair:4   | 16194 ||| Stepping ~*~*~tactically~*~*~ (stealth).
 16196 | Lair:4   | 16196 ||| Stepping ~*~*~tactically~*~*~ (stealth).
 16199 | Lair:4   | 16199 ||| Stepping ~*~*~tactically~*~*~ (stealth).
 16204 | Lair:4   | 16204 ||| Stepping ~*~*~tactically~*~*~ (stealth).
 16215 | Lair:4   | Received a gift from Okawaru
 16412 | Lair:4   | 16412 ||| INVOKING Heroism.
 16539 | Lair:4   | 16539 ||| INVOKING Heroism.
 16541 | Lair:4   | 16541 ||| Stepping ~*~*~tactically~*~*~ (stealth).
 16582 | Lair:4   | 16582 ||| INVOKING Heroism.
 16584 | Lair:4   | 16584 ||| Stepping ~*~*~tactically~*~*~ (stealth).
 16680 | Lair:4   | Noticed Rupert
 16682 | Lair:4   | 16682 ||| INVOKING Heroism.
 16683 | Lair:4   | 16683 ||| INVOKING Finesse.
 16698 | Lair:4   | Killed Rupert
 16698 | Lair:4   | Received a gift from Okawaru
 16699 | Lair:4   | Reached skill level 14 in Axes
 16905 | Lair:4   | 16905 ||| INVOKING Heroism.
 16922 | Lair:4   | 16922 ||| FLEEEEING.
 16923 | Lair:4   | 16923 ||| STAIRDANCE
 17134 | Lair:3   | 17134 ||| READING scroll labelled MEUGUI EGEUDD.
 17135 | Lair:3   | 17135 ||| READING 8 scrolls of identify.
 17135 | Lair:3   | 17135 ||| IDENTIFYING white potion
 17152 | Lair:4   | 17152 ||| INVOKING Heroism.
 17284 | Lair:4   | 17284 ||| INVOKING Heroism.
 17494 | Lair:4   | 17494 ||| Stepping ~*~*~tactically~*~*~ (stealth).
 17496 | Lair:4   | 17496 ||| INVOKING Heroism.
 17500 | Lair:4   | 17500 ||| Stepping ~*~*~tactically~*~*~ (stealth).
 17676 | Lair:5   | Entered Level 5 of the Lair of Beasts
 17678 | Lair:5   | 17678 ||| STAIRDANCE
 17789 | Lair:5   | 17789 ||| INVOKING Heroism.
 17790 | Lair:5   | 17790 ||| INVOKING Finesse.
 17795 | Lair:5   | 17795 ||| SWAPPING to +5 mace of Jinoaceb {flame, Str+3
                  | Int+5 Dex+4}.
 17797 | Lair:5   | 17797 ||| SWAPPING to +2 broad axe "Murmur" {freeze, rC++
                  | Will+}.
 17802 | Lair:5   | Received a gift from Okawaru
 17896 | Lair:5   | 17896 ||| INVOKING Heroism.
 17911 | Lair:5   | Found a viscous altar of Jiyva.
 17911 | Lair:5   | Found a staircase to the Slime Pits.
 17934 | Lair:5   | 17934 ||| INVOKING Heroism.
 18102 | Lair:5   | 18102 ||| INVOKING Heroism.
 18148 | Lair:5   | 18148 ||| Stepping ~*~*~tactically~*~*~ (stealth).
 18149 | Lair:5   | 18149 ||| Stepping ~*~*~tactically~*~*~ (stealth).
 18150 | Lair:5   | 18150 ||| INVOKING Finesse.
 18167 | Lair:5   | Gained mutation: Your large and strong wings let you fly.
                  | [Gargoyle growth]
 18167 | Lair:5   | Reached XP level 14. HP: 45/90 MP: 16/21
 18223 | Lair:5   | 18223 ||| Stepping ~*~*~tactically~*~*~ (stealth).
 18224 | Lair:5   | 18224 ||| INVOKING Heroism.
 18435 | Lair:5   | 18435 ||| Stepping ~*~*~tactically~*~*~ (hiding).
 18437 | Lair:5   | 18437 ||| INVOKING Heroism.
 18440 | Lair:5   | 18440 ||| INVOKING Finesse.
 18528 | Lair:5   | 18528 ||| Stepping ~*~*~tactically~*~*~ (stealth).
 18538 | Lair:5   | 18538 ||| Stepping ~*~*~tactically~*~*~ (stealth).
 18547 | Lair:5   | 18547 ||| INVOKING Heroism.
 18548 | Lair:5   | 18548 ||| Stepping ~*~*~tactically~*~*~ (stealth).
 18549 | Lair:5   | 18549 ||| INVOKING Finesse.
 18550 | Lair:5   | 18550 ||| Stepping ~*~*~tactically~*~*~ (stealth).
 18567 | Lair:5   | Reached skill level 15 in Axes
 18752 | Lair:5   | 18752 ||| INVOKING Heroism.
 18753 | Lair:5   | 18753 ||| INVOKING Finesse.
 18876 | Lair:5   | 18876 ||| INVOKING Heroism.
 18882 | Lair:5   | 18882 ||| Stepping ~*~*~tactically~*~*~ (stealth).
 19005 | Lair:5   | 19005 ||| INVOKING Heroism.
 19038 | Lair:5   | Identified the +1 chain mail of the Moneychanger {+Inv
                  | Int+4} (Okawaru gifted it to you on level 5 of the Lair of
                  | Beasts)
 19038 | Lair:5   | Received a gift from Okawaru
 19577 | Lair:5   | 19577 ||| PLANNING D
 19577 | Lair:5   | 19577 ||| DROPPING +1 chain mail of the Moneychanger {+Inv
                  | Int+4}.
 19776 | D:12     | 19776 ||| Stepping ~*~*~tactically~*~*~ (stealth).
 19808 | D:12     | 19808 ||| Stepping ~*~*~tactically~*~*~ (hiding).
 19835 | D:12     | 19835 ||| INVOKING Heroism.
 19837 | D:12     | 19837 ||| Stepping ~*~*~tactically~*~*~ (stealth).
 19935 | D:12     | 19935 ||| FLEEEEING.
 19989 | D:12     | 19989 ||| Stepping ~*~*~tactically~*~*~ (stealth).
 19991 | D:12     | 19991 ||| Stepping ~*~*~tactically~*~*~ (stealth).
 19993 | D:12     | 19993 ||| INVOKING Heroism.
 19996 | D:12     | 19996 ||| Stepping ~*~*~tactically~*~*~ (stealth).
 20093 | D:12     | Found the +0 staff of Battle
 20094 | D:12     | 20094 ||| Stepping ~*~*~tactically~*~*~ (hiding).
 20095 | D:12     | 20095 ||| Stepping ~*~*~tactically~*~*~ (hiding).
 20098 | D:12     | 20098 ||| INVOKING Heroism.
 20100 | D:12     | Reached skill level 12 in Fighting
 20671 | D:13     | 20671 ||| INVOKING Heroism.
 20812 | D:13     | 20812 ||| INVOKING Heroism.
 20813 | D:13     | 20813 ||| INVOKING Finesse.
 21031 | D:13     | 21031 ||| INVOKING Heroism.
 21275 | D:13     | Identified the +1 scale mail "Noragua" {Int+2}
 21291 | D:13     | 21291 ||| INVOKING Heroism.
 21452 | D:13     | 21452 ||| INVOKING Heroism.
 21453 | D:13     | 21453 ||| INVOKING Finesse.
 21455 | D:13     | 21455 ||| SWAPPING to +5 mace of Jinoaceb {flame, Str+3
                  | Int+5 Dex+4}.
 21462 | D:13     | 21462 ||| SWAPPING to +2 broad axe "Murmur" {freeze, rC++
                  | Will+}.
 21510 | D:13     | 21510 ||| READING scroll of enchant armour.
 21510 | D:13     | 21510 ||| ENCHANTING +0 pair of boots.
 21523 | D:13     | 21523 ||| INVOKING Heroism.
 21528 | D:13     | 21528 ||| Stepping ~*~*~tactically~*~*~ (hiding).
 21539 | D:13     | 21539 ||| Stepping ~*~*~tactically~*~*~ (hiding).
 21548 | D:13     | 21548 ||| Stepping ~*~*~tactically~*~*~ (hiding).
 21549 | D:13     | 21549 ||| Stepping ~*~*~tactically~*~*~ (hiding).
 21550 | D:13     | HP: 14/92 [ettin/+1 dire flail of protection (28)]
 21551 | D:13     | 21551 ||| READING 2 scrolls of teleportation.
 21552 | D:13     | Slain by an ettin

Levels and vault maps discovered:
D:1:      minmay_arrival_radiant_lines, layout_loops_ring, nicolae_eternal_life
D:2:      layout_rooms, serial_shops, shop, ebering_ecumenical_altar_box
D:3:      layout_loops_corners, minitemple
D:4:      layout_basic, minmay_temple_entry_from_below_a, lemuel_flame_loot_1
D:5:      layout_basic, kennysheep_slug_shrine, sigmund_edmund_badplayer,
          uniq_grinder
D:6:      layout_cave_pods, serial_shops, nicolae_stop_n_shop_1,
          enter_ossuary_2, kennysheep_generic_room_14, uniq_sigmund
D:7:      layout_cave_pools, enter_bailey_2
D:8:      layout_loops_ring, uniq_gastronok
D:9:      layout_rooms, serial_curves, eino_curves_04, eino_curves_03,
          bh_walls_and_bars, uniq_erolcha, uniq_grum, uniq_harold
D:10:     layout_cave_pools, erik_orc_3, hellmonk_bongcloud_opening
D:11:     layout_loops_ring, david_lair_shrubbed,
          gammafunk_ghost_wrathful_warriors
D:12:     layout_irregular_city, hellmonk_guarded_unrand_staff_of_battle
D:13:     minmay_octo_star, layout_basic
Lair:1:   layout_gridlike, cheibrodos_lair_caveside_slide,
          chequers_serial_rivers_small_b, lemuel_centaur_altar
Lair:2:   layout_cave_shapes, minmay_swamp_entry_reptiles, beast_lair_carwin_6,
          lemuel_fruit_fields
Lair:3:   dreamdust_cave_troll, layout_concentric_octagons,
          nicolae_spider_entry_tight_spaces, gammafunk_ghost_ooze
Lair:4:   layout_regular_city, uniq_rupert
Lair:5:   evilmike_catoblepas_cave, layout_cave_pods, slime_entry_1

Skill      XL: |  1  2  3  4  5  6  7  8  9 10 11 12 13 14 |
---------------+-------------------------------------------+-----
Axes           | 2 3 4 5 6 8 10 11 13 14 15 | 15.7
Fighting       | 4 5 6 8 9 10 11 12 | 12.0
Invocations    | 1 4 6 10 | 10.0
Dodging        | 1 2 3 |  3.6
Throwing       | 2 3 4 5 |  5.0
Armour         | 4 5 7 8 9 10 11 | 11.0
Shields        | 4 5 6 7 |  7.3

Action                   |  1- 3 |  4- 6 |  7- 9 | 10-12 | 13-15 || total
-------------------------+-------+-------+-------+-------+-------++-------
Melee: War axe           |   109 |   196 |   209 |       |       ||   514
       Broad axe         |       |       |    11 |   439 |   417 ||   867
       Mace              |       |       |       |     9 |     5 ||    14
Throw: Javelin           |       |       |    31 |   105 |    78 ||   214
       Boomerang         |       |       |       |     3 |    46 ||    49
Invok: Heroism           |       |     2 |     8 |    38 |    32 ||    80
       Finesse           |       |       |       |     3 |     9 ||    12
  Use: Scroll            |     7 |     5 |     4 |    10 |     5 ||    31
       Potion            |     2 |     1 |       |     2 |       ||     5
Armor: Scale mail        |    58 |    54 |       |       |       ||   112
       Skin              |       |     3 |       |       |       ||     3
       Chain mail        |       |    27 |    84 |       |       ||   111
       Plate armour      |       |       |    39 |   334 |   199 ||   572
Dodge: Dodged            |    48 |    76 |    56 |   220 |   103 ||   503
Block: Buckler           |    23 |    43 |    33 |   134 |    82 ||   315

Table legend:
 A = Non-vault XP
 B = Vault XP
 C = Vault XP percentage of total XP
 D = Non-vault monster count
 E = Vault monster count
 F = Vault count percentage of total count
                 A         B        C        D         E       F
            +---------+---------+-------+---------+---------+-------
      Total |   56659 |   23079 |  28.9 |     372 |      79 |  17.5
            +---------+---------+-------+---------+---------+-------
        D:1 |      26 |       0 |   0.0 |      14 |       0 |   0.0
        D:2 |      42 |       0 |   0.0 |      16 |       0 |   0.0
        D:3 |      60 |       0 |   0.0 |      16 |       0 |   0.0
        D:4 |     196 |       0 |   0.0 |      27 |       0 |   0.0
        D:5 |     677 |     668 |  49.7 |      20 |       4 |  16.7
        D:6 |     725 |       0 |   0.0 |      18 |       0 |   0.0
        D:7 |     498 |       0 |   0.0 |      12 |       0 |   0.0
        D:8 |     588 |    1823 |  75.6 |      20 |       4 |  16.7
        D:9 |    1860 |    1922 |  50.8 |      18 |       4 |  18.2
       D:10 |    2066 |     378 |  15.5 |      25 |      17 |  40.5
       D:11 |    5088 |     372 |   6.8 |      23 |       1 |   4.2
       D:12 |    6671 |    1035 |  13.4 |      31 |       3 |   8.8
       D:13 |    5764 |    2062 |  26.3 |      18 |       3 |  14.3
     Lair:1 |    5400 |     457 |   7.8 |      27 |       4 |  12.9
     Lair:2 |    3254 |    1142 |  26.0 |      11 |       9 |  45.0
     Lair:3 |    6476 |    1822 |  22.0 |      19 |       6 |  24.0
     Lair:4 |    9497 |    1762 |  15.6 |      33 |       1 |   2.9
     Lair:5 |    7771 |    9636 |  55.4 |      24 |      23 |  48.9
            +---------+---------+-------+---------+---------+-------
